Map: Ruins of Seras

Players

PerseVerAnce

  • Race: Terran Terran
  • League: Diamond

Nomad - Winner!

  • Race: Zerg Zerg

VOD

Have the link to the VOD?

Description

Baneling #2

Time

  • Played on: Jan. 8, 2016, 4:13 p.m.
  • Length: 16:38
Show
View Real Time Build Order
Export as new Build Order

PerseVerAnce Terran 

Build Orders: Reaper Expand 

Get SALT Encoding   

  12  0:01  SCV  
  13  0:13  SCV  
  14  0:19  Supply Depot  
  14  0:25  SCV  
  15  0:40  SCV  
  15  0:41  Barracks  
  16  0:48  Refinery  
  16  0:52  SCV  
  17  1:05  SCV  
  18  1:17  SCV  
  19  1:31  Reaper  
  20  1:34  Orbital Command  
  20  1:44  Command Center  
  20  1:54  Supply Depot  
  20  2:00  SCV  
  21  2:05  Marine  
  22  2:12  SCV, Refinery  
  23  2:24  SCV  
  23  2:25  Factory  
  23  2:26  Barracks Reactor  
  24  2:36  SCV  
  25  2:48  SCV  
  26  2:56  SCV  
  27  3:02  Marine x2  
  29  3:09  Starport  
  28  3:18  Orbital Command  
  27  3:21  SCV  
  28  3:32  Barracks Tech Lab  
  28  3:33  SCV  
  29  3:39  Command Center  
  29  3:45  SCV  
  29  3:48  SCV  
  31  3:50  Hellion  
  32  3:56  Hellion  
  32  3:57  SCV  
  32  4:00  SCV  
  36  4:06  Barracks Reactor  
  36  4:09  SCV  
  37  4:12  SCV  
  37  4:14  Fusion Core  
  37  4:17  Liberator  
  36  4:20  Hellion  
  36  4:21  Hellion  
  39  4:30  SCV x2  
  44  4:42  SCV  
  44  4:43  Marine  
  46  4:50  Supply Depot  
  46  4:51  Marine  
  47  4:56  SCV  
  47  4:57  Supply Depot  
  47  4:58  SCV, Refinery  
  47  4:59  Hellion  
  53  5:00  Hellion  
  53  5:01  Refinery  
  53  5:04  Marine  
  54  5:07  Advanced Ballistics  
  54  5:11  Liberator  
  54  5:14  SCV x2  
  54  5:20  Engineering Bay  
  54  5:22  Engineering Bay  
  57  5:30  Barracks  
  57  5:31  Factory Tech Lab  
  57  5:35  SCV x2  
  59  5:36  Bunker  
  59  5:43  Marine x2  
  59  5:49  Siege Tank  
  64  5:54  Liberator  
  60  6:06  Marine x2  
  59  6:12  Orbital Command  
  59  6:14  Barracks  
  59  6:24  Marine x2  
  59  6:25  Supply Depot, Siege Tank  
  61  6:30  Supply Depot  
  61  6:32  Marine x2  
  66  6:42  Marine x2  
  66  6:46  SCV x2, Liberator  
  70  6:53  Terran Infantry Weapons Level 1, Terran Infantry Armor Level 1  
  70  6:54  Barracks  
  70  7:00  Marine x2  
  72  7:06  Siege Tank  
  78  7:12  SCV x2  
  78  7:13  Marine x2  
  82  7:15  Barracks Tech Lab  
  82  7:21  Barracks, Marine x2  
  84  7:24  SCV  
  84  7:25  SCV  
  86  7:30  Barracks  
  86  7:36  SCV  
  86  7:37  SCV  
  88  7:38  Barracks  
  88  7:41  Supply Depot  
  88  7:55  Marine  
  88  7:56  Marine x3  
  92  7:59  Stimpack  
  92  8:00  Barracks Tech Lab  
  92  8:03  Marauder  
  94  8:08  Supply Depot  
  94  8:14  Marine  
  94  8:15  Barracks Tech Lab, Marine  
  96  8:25  Marauder  
  98  8:28  Marine  
  98  8:29  Marine  
  98  8:30  Marauder  
  102  8:36  Orbital Command  
  102  8:37  Marine  
  102  8:38  Marauder  
  102  8:39  Barracks Reactor x2  
  102  8:45  Supply Depot  
  99  8:55  Marine x2  
  96  8:56  Marine x2  
  96  8:57  Marauder x2  
  96  8:58  Combat Shields, Concussive Shells  
  96  9:02  SCV x2  
  106  9:04  Starport Reactor  
  106  9:08  Supply Depot  
  106  9:14  SCV  
  106  9:15  Marine x2  
  106  9:16  Marine x4  
  106  9:17  Marine x2  
  113  9:18  Marauder  
  117  9:27  Armory  
  117  9:36  SCV x3  
  120  9:39  Supply Depot  
  120  9:40  Siege Tank  
  120  9:41  Medivac x2  
  120  9:43  Marine x6  
  133  9:50  Marine x2  
  133  9:52  Supply Depot  
  135  9:53  SCV x3  
  135  10:11  Medivac x2  
  135  10:13  Supply Depot  
  139  10:14  Supply Depot  
  139  10:15  SCV x2  
  139  10:16  SCV  
  142  10:24  Marine x5  
  142  10:25  Marine x2  
  149  10:30  Terran Infantry Weapons Level 2  
  149  10:35  SCV  
  149  10:36  SCV x2  
  149  10:40  Refinery x2  
  149  10:41  Medivac  
  129  11:05  Marine  
  129  11:06  Marine x7  
  129  11:07  Marauder, Marine  
  129  11:08  Marauder  
  120  11:23  Marine x2  
  120  11:24  Marine  
  120  11:25  Marauder  
  121  11:26  Medivac x2  
  121  11:28  SCV x3  
  121  11:29  Marauder  
  121  11:30  Marine x4  
  121  11:31  Marine  
  121  11:32  Marauder  
  136  11:50  Command Center  
  118  11:56  Medivac x2  
  118  11:59  Marine x3  
  118  12:00  Marine x2  
  118  12:01  Marine x3  
  107  12:02  Marauder x2  
  107  12:03  Marauder  
  108  12:09  SCV x3  
  111  12:19  Marine x3  
  111  12:20  Marine x5  
  119  12:22  Terran Infantry Armor Level 2  
  119  12:24  Marauder x3  
  125  12:37  Marine  
  126  12:45  Marine x3  
  126  12:46  Marine x4  
  126  12:47  Marauder x2  
  126  12:48  Marauder  
  139  13:00  Marine  
  139  13:02  Planetary Fortress  
  139  13:03  Marine x4  
  144  13:08  Marauder, Terran Vehicle Weapons Level 1  
  144  13:09  Marauder x2  
  150  13:13  Marine x3  
  150  13:15  Medivac  
  150  13:17  Medivac  
  150  13:18  Marine  
  158  13:39  Command Center  
  158  13:49  Marine x5  
  158  13:50  Marine x3  
  158  13:51  Marauder x2  
  158  13:52  Marauder, Medivac x2  
  158  13:53  Siege Tank  
  126  14:11  Liberator x2  
  126  14:15  Marine x7  
  126  14:16  Marine x2  
  120  14:17  Marine x2  
  120  14:27  Siege Tank  
  128  14:33  Ghost Academy  
  128  14:37  Marine x5  
  128  14:38  Marine x3  
  129  14:39  Marauder x2  
  129  14:40  Marauder  
  135  14:50  Planetary Fortress  
  135  14:59  Siege Tank, Marine x4  
  140  15:00  Marine x5  
  140  15:01  Marauder x2  
  151  15:11  Medivac x2  
  133  15:17  Marine x3  
  133  15:18  Marine x3  
  133  15:19  Marauder  
  103  15:41  Marine  
  103  15:42  Marine x5  
  105  15:43  Ghost x3, Marine x2  
  115  15:52  Command Center  
  121  16:08  Marine x6  
  127  16:15  SCV  
  127  16:16  SCV x2  
Show
View Real Time Build Order
Export as new Build Order

Nomad Zerg - Winner!

Build Orders: Hatch First 

Get SALT Encoding   

  12  0:01  Drone  
  13  0:13  Overlord  
  13  0:18  Drone  
  14  0:31  Drone x2  
  14  0:35  Drone  
  17  0:53  Hatchery  
  16  0:57  Drone  
  17  1:12  Spawning Pool  
  17  1:15  Drone  
  17  1:17  Extractor  
  16  1:20  Drone  
  16  1:23  Drone  
  18  1:34  Drone  
  19  1:40  Overlord  
  19  1:58  Queen  
  19  1:59  Zergling x2  
  22  2:01  Zergling x2  
  22  2:06  Queen  
  22  2:07  Zergling x2  
  26  2:20  Metabolic Boost  
  27  2:22  Drone  
  27  2:23  Drone x2  
  29  2:34  Drone x2  
  31  2:39  Queen  
  33  2:45  Overlord  
  33  2:50  Drone x2  
  35  3:12  Drone x3  
  38  3:13  Drone x4  
  42  3:26  Overlord x3  
  42  3:29  Extractor  
  42  3:30  Extractor  
  39  3:35  Roach Warren  
  39  3:37  Drone x3  
  41  3:58  Drone x3  
  41  4:00  Hatchery  
  41  4:02  Lair  
  43  4:07  Drone  
  43  4:08  Drone  
  43  4:09  Drone  
  46  4:12  Drone  
  46  4:26  Roach x4  
  54  4:36  Spore Crawler  
  54  4:38  Drone, Spore Crawler  
  53  4:40  Drone x3  
  53  4:43  Overlord  
  56  4:52  Overlord  
  56  5:00  Evolution Chamber x2, Drone x2  
  56  5:04  Drone  
  56  5:05  Extractor  
  55  5:13  Roach x5  
  65  5:16  Glial Reconstitution  
  71  5:28  Roach x4  
  71  5:35  Drone x2  
  75  5:42  Roach x4  
  83  5:46  Ravager x4  
  83  5:49  Roach  
  89  5:51  Overlord  
  89  5:52  Overlord  
  83  6:10  Drone x5  
  83  6:11  Drone x2  
  89  6:21  Drone x3  
  92  6:28  Drone  
  93  6:33  Spire  
  90  6:42  Drone x3  
  90  6:43  Drone x4  
  90  6:45  Drone  
  98  6:52  Drone x4  
  102  6:55  Zerg Melee Weapons Level 1  
  102  6:56  Zerg Ground Armor Level 1  
  102  6:57  Drone x2  
  102  6:58  Drone x2  
  106  7:02  Overlord  
  106  7:03  Overlord  
  106  7:08  Extractor  
  105  7:09  Extractor  
  105  7:12  Drone x2  
  105  7:14  Overlord x2  
  106  7:19  Spore Crawler  
  105  7:30  Spore Crawler  
  105  7:32  Drone  
  105  7:33  Drone  
  105  7:34  Spore Crawler  
  105  7:35  Drone x3  
  105  7:37  Drone  
  108  7:54  Corruptor  
  108  7:55  Hatchery, Corruptor x5  
  119  8:08  Zerg Flyer Weapons Level 1  
  119  8:10  Infestation Pit  
  118  8:23  Corruptor  
  118  8:24  Corruptor x5  
  130  8:36  Drone x3  
  130  8:37  Drone x5  
  130  8:38  Overlord x2  
  138  8:55  Zerg Ground Armor Level 2, Zerg Melee Weapons Level 2  
  138  8:57  Hive  
  136  9:03  Baneling Nest  
  136  9:07  Drone x2  
  136  9:08  Drone x3  
  140  9:10  Zergling x10  
  140  9:16  Queen  
  147  9:22  Zergling x2  
  147  9:23  Zergling x6  
  151  9:26  Spore Crawler, Extractor  
  151  9:28  Spore Crawler  
  151  9:30  Extractor  
  147  9:34  Zergling x8  
  152  9:45  Zergling x6  
  152  9:46  Zergling x6  
  152  9:48  Centrifical Hooks  
  157  9:53  Overseer  
  157  9:54  Overseer x4  
  157  10:02  Zergling x6  
  160  10:08  Overlord x4  
  160  10:23  Adrenal Glands  
  160  10:26  Greater Spire  
  160  10:27  Ultralisk Cavern  
  159  10:35  Zergling x14  
  164  10:36  Zergling x14  
  173  10:52  Hatchery, Extractor  
  173  10:53  Baneling x7  
  173  10:54  Baneling x7  
  173  10:55  Baneling x3  
  171  11:00  Extractor  
  119  11:14  Zergling x6  
  119  11:15  Zergling x16  
  127  11:22  Zergling x6  
  119  11:27  Zergling x8  
  123  11:34  Hatchery  
  123  11:38  Zergling x8  
  108  12:05  Zergling x2  
  108  12:06  Zergling x20  
  116  12:10  Zerg Ground Armor Level 3, Zerg Melee Weapons Level 3  
  116  12:11  Chitinous Plating  
  116  12:13  Ultralisk  
  116  12:14  Zergling x4  
  116  12:15  Zergling x6  
  127  12:30  Zergling x6  
  127  12:31  Zergling x10  
  135  12:46  Spore Crawler  
  135  12:47  Baneling  
  135  12:48  Spore Crawler, Baneling x17  
  135  12:49  Baneling x2  
  135  12:50  Baneling  
  135  12:51  Baneling x2  
  133  12:55  Overlord  
  133  12:57  Overlord  
  133  13:00  Overlord  
  133  13:03  Pneumatized Carapace  
  133  13:13  Mutalisk  
  133  13:14  Ultralisk  
  133  13:16  Drone  
  133  13:17  Drone x2  
  144  13:31  Ultralisk  
  150  13:43  Ultralisk x2  
  162  13:49  Drone x5  
  162  13:50  Drone  
  141  14:14  Ultralisk x3  
  154  14:23  Zergling x10  
  154  14:24  Zergling x8  
  147  14:33  Queen  
  147  14:34  Drone x2  
  147  14:35  Drone x2  
  153  14:43  Zergling x8  
  153  14:44  Zergling x4  
  159  14:46  Zergling x2  
  159  14:48  Zergling x2  
  159  14:49  Zergling x2  
  159  14:50  Zergling x2  
  159  14:52  Zergling x2  
  151  15:27  Overlord  
  151  15:29  Overlord x2  
  151  15:31  Ultralisk  
  151  15:32  Ultralisk x2  
  161  15:43  Ultralisk  
  161  15:45  Zergling x10  
  166  16:02  Overlord  
  166  16:04  Overlord  
  166  16:13  Zergling x4  
  166  16:14  Zergling x2  
  175  16:23  Hatchery  
Tags
 
Add a new tag
Caveats
  • Supply blocks, unpowered buildings, or Contaminate may cause inaccurate times.
  • Supply counts are checked every 10 seconds.